 Dungeon Crawl Stone Soup version 0.29.1-15-g9cfb28693d (webtiles) character file.

Game seed: 10495016214195458189

3766 wingedge the Adept (level 9, -16/57 HPs)
             Began as a Deep Elf Conjurer on Apr 11, 2023.
             Was a Believer of Sif Muna.
             Demolished by bmack86's ghost (21 damage)
             ... on level 7 of the Dungeon.
             The game lasted 00:24:28 (7341 turns).

wingedge the Adept (Deep Elf Conjurer)              Turns: 7341, Time: 00:24:29

Health: -16/57     AC:  8    Str:  7    XL:     9   Next: 94%
Magic:  3/18       EV: 12    Int: 32    God:    Sif Muna [**....]
Gold:   367        SH:  0    Dex: 10    Spells: 5/18 levels left

rFire   . . .      SeeInvis .   z - +8 hammer of the Known World {vorpal, rC+ rCorr Str+3 Dex-5}
rCold   + . .      Faith    .   (no shield)
rNeg    . . .      Spirit   .   d - +0 animal skin
rPois   .          Reflect  .   h - +1 helmet
rElec   .          Harm     .   A - +1 cloak
rCorr   +          Rampage  .   x - +1 pair of gloves
Will    +....                   (no boots)
Stlth   ++........              (no amulet)
HPRegen 0.19/turn               g - +6 ring of intelligence
MPRegen 0.16/turn               o - ring of willpower

@: no status effects
A: no striking features
a: Renounce Religion, Channel Magic


You were on level 7 of the Dungeon.
You worshipped Sif Muna.
Sif Muna was pleased with you.
You visited 1 branch of the dungeon, and saw 7 of its levels.

You collected 367 gold pieces.

Inventory:

Hand Weapons
 a - the +12 hammer "Goblinslayer" {pain, Fly MP+9}
   (You found it on level 3 of the Dungeon)

   In the hands of one skilled in necromantic magic, it inflicts extra damage on
   living creatures.
   MP:        It affects your magic capacity (+9).
   Fly:       It grants you flight.
 l - a +2 vampiric scythe
 r - a +1 dagger of venom
 z - the +8 hammer of the Known World (weapon) {vorpal, rC+ rCorr Str+3 Dex-5}
   (You found it on level 3 of the Dungeon)

   It inflicts extra damage upon your enemies.
   Str:       It affects your strength (+3).
   Dex:       It affects your dexterity (-5).
   rC:        It protects you from cold.
   rCorr:     It protects you from acid and corrosion.
Missiles
 u - 7 boomerangs
 D - 2 javelins
Armour
 d - a +0 animal skin (worn)
 h - a +1 helmet (worn)
 x - a +1 pair of gloves (worn)
 A - a +1 cloak (worn)
Jewellery
 g - a +6 ring of intelligence (left hand)
 o - a ring of willpower (right hand)
Wands
 k - a wand of quicksilver (3)
 q - a wand of polymorph (12)
Scrolls
 f - 2 scrolls of magic mapping
 i - a scroll of torment
 j - a scroll of silence
 v - a scroll of vulnerability {unknown}
 w - a scroll of brand weapon {unknown}
 y - 3 scrolls of teleportation {unknown}
 F - a scroll of blinking {unknown}
Potions
 b - 3 potions of magic
 c - a potion of cancellation {unknown}
 e - 2 potions of heal wounds
 m - 4 potions of curing
 n - a potion of ambrosia {unknown}
 p - 2 potions of lignification {unknown}
 s - a potion of invisibility {unknown}
 t - a potion of mutation {unknown}
 B - a potion of haste {unknown}
 C - a potion of degeneration {unknown}
 E - a potion of attraction {unknown}


   Skills:
 - Level 7.0 Fighting
 - Level 3.0 Maces & Flails
 - Level 3.0 Dodging
 - Level 3.0 Stealth
 - Level 5.0 Spellcasting
 - Level 7.0 Conjurations
 - Level 4.0 Hexes
 - Level 3.0 Translocations
 - Level 3.0 Transmutations
 + Level 7.5 Invocations


You had 5 spell levels left.
You knew the following spells:

 Your Spells              Type           Power      Damage    Failure   Level
a - Magic Dart            Conj           100%       1d8       1%          1
b - Searing Ray           Conj           100%       2d8       1%          2
c - Fulminant Prism       Conj/Hex       21%        3d13      5%          4
d - Iskenderun's Mystic   Conj/Tloc      40%        2d9       6%          4
e - Wereblood             Tmut           27%        N/A       2%          2

Your spell library contained the following spells:

 Spells                   Type           Power      Damage    Failure   Level
 Dazzling Flash           Conj/Hex       86%        N/A       1%          3
 Sublimation of Blood     Necr           8%         N/A       8%          2
 Silence                  Hex/Air        10%        N/A       52%         5
 Agony                    Necr           8%         N/A       80%         5
 Summon Hydra             Summ           4%         N/A       100%        7


Dungeon Overview and Level Annotations

Branches:
Dungeon (7/15)             Temple (0/1) D:4

Altars:
Ashenzari
Dithmenos
Elyvilon
Makhleb
Sif Muna
Trog
Uskayaw
Yredelemnul

Shops:
D:4 =

Annotations:
D:7 bmack86's ghost, novice MiFi


Message History

You conjure a prism of explosive energy!
A fulminant prism comes into view.
Bmack86's ghost whispers, "The ORB doesn't exist."
Bmack86's ghost barely misses you.
Your fulminant prism crackles loudly.
You closely miss bmack86's ghost.
Bmack86's ghost is almost destroyed.
Bmack86's ghost barely misses you.
Your fulminant prism crackles loudly.
Your fulminant prism explodes!
The blast of energy engulfs bmack86's ghost!
Bmack86's ghost is almost destroyed.
You closely miss bmack86's ghost.
Bmack86's ghost is almost destroyed.
Bmack86's ghost hits you.
Your fulminant prism explodes!
The blast of energy engulfs bmack86's ghost but does no damage.
Bmack86's ghost is almost destroyed.
Bmack86's ghost closely misses you.
Casting: Fulminant Prism (dangerous; 5% risk of failure)
Confirm with . or Enter, or press ? or * to list all spells.
Okay, then.
Okay, then.
Aiming: Quicksilver Bolt
Press: ? - help, Shift-Dir - straight line, f - bmack86's ghost
Aim: bmack86's ghost, wielding a vampiric weapon (almost destroyed, 71% to hit)
The bolt of dispelling energy hits bmack86's ghost but does no damage.
Bmack86's ghost is almost destroyed.
Bmack86's ghost hits you!
* * * LOW HITPOINT WARNING * * *
Aiming: Quicksilver Bolt
Press: ? - help, Shift-Dir - straight line, p - bmack86's ghost Bmack86's ghost hits you.
* * * LOW HITPOINT WARNING * * *
Aiming: Quicksilver Bolt
Press: ? - help, Shift-Dir - straight line, f - bmack86's ghost
Aim: bmack86's ghost, wielding a vampiric weapon (almost destroyed, 71% to hit)
The bolt of dispelling energy misses bmack86's ghost.
Bmack86's ghost hits you!!
You die...

.# .# [.# #..# .#
#..# ###...#..# .#
#...####....##).# .#
#..........#...# .#
#.........##.). .#
#.......##..# .#
#..###''W###..# .#
#.......@...###.##
.#
##......#.........
## ######.##)#######
#.##)###### ##
#...).....# .#
##.#.####.# ## #.#
######.#.# .## #.#
#..)...#.#
..#####.###.######.#


You could see bmack86's ghost.

Vanquished Creatures
  The ghost of Wentworth the Protected, a novice MiFi (D:6)
  Pikel (D:6)
  Sigmund (D:2)
  Menkaure (D:6)
  4 black bears
  An orc warrior (D:6)
  7 ice beasts
  A sky beast (D:7)
  A necrophage (D:5)
  A bullfrog (D:6)
  4 scorpions (D:5)
  4 wights (D:7)
  A hornet simulacrum (D:7)
  The ghost of Aviaq the Shield-Bearer, a weakling GnFi of Hepliaklqana (D:4)
  An orc priest (D:4)
  A water moccasin simulacrum (D:7)
  5 hounds
  2 gnoll boudas (D:4)
  Crazy Yiuf (D:3)
  An orc wizard (D:4)
  Natasha (twice) (D:3)
  2 iguanas
  Robin (D:2)
  9 adders
  10 gnolls
  A white imp (D:7)
  An ufetubus (D:5)
  4 dart slugs
  A worm (D:4)
  10 orcs
  8 bats
  7 endoplasms
  6 giant cockroaches
  14 goblins
  11 hobgoblins
  8 jackals
  6 kobolds
  2 quokkas
  7 ball pythons
  4 frilled lizards
  7 rats
161 creatures vanquished.

Vanquished Creatures (others)
  37 fulminant prisms
37 creatures vanquished.

Grand Total: 198 creatures vanquished

Notes
Turn   | Place    | Note
-------+----------+-------------------------------------------
     0 | D:1      | wingedge the Deep Elf Conjurer began the quest for the Orb.
     0 | D:1      | Reached XP level 1. HP: 10/10 MP: 6/6
   120 | D:1      | Reached XP level 2. HP: 15/15 MP: 0/8
   397 | D:1      | Learned a level 2 spell: Searing Ray
   698 | D:1      | Reached skill level 1 in Hexes
   698 | D:1      | Reached XP level 3. HP: 19/19 MP: 6/10
  1013 | D:1      | Found a faded altar of an unknown god.
  1098 | D:2      | Noticed Sigmund
  1106 | D:2      | Killed Sigmund
  1107 | D:2      | Reached skill level 1 in Fighting
  1107 | D:2      | Reached skill level 5 in Conjurations
  1107 | D:2      | Reached XP level 4. HP: 24/27 MP: 3/12
  1107 | D:2      | Reached XP level 5. HP: 29/32 MP: 3/13
  1617 | D:2      | Noticed Robin
  1621 | D:2      | Killed Robin
  1738 | D:2      | Reached XP level 6. HP: 37/37 MP: 13/15
  2096 | D:3      | Noticed Natasha
  2105 | D:3      | Killed Natasha
  2106 | D:3      | Reached skill level 5 in Spellcasting
  2390 | D:3      | Found a burning altar of Makhleb.
  2626 | D:3      | Found a shimmering blue altar of Sif Muna.
  2654 | D:3      | Became a worshipper of Sif Muna the Loreminder
  2690 | D:3      | Found a white marble altar of Elyvilon.
  2915 | D:3      | Noticed Natasha
  2918 | D:3      | Killed Natasha
  2969 | D:3      | Learned a level 4 spell: Fulminant Prism
  2974 | D:3      | Learned a level 4 spell: Iskenderun's Mystic Blast
  3009 | D:3      | Identified the +12 hammer "Goblinslayer" {pain, Fly MP+9}
  3060 | D:3      | Identified the +8 hammer of the Known World {vorpal, rC+
                  | rCorr Str+3 Dex-5}
  3132 | D:3      | Found a runed translucent door.
  3133 | D:3      | Noticed Crazy Yiuf
  3168 | D:3      | Killed Crazy Yiuf
  3665 | D:4      | Reached skill level 1 in Translocations
  3815 | D:4      | Noticed an ice beast
  3818 | D:4      | Killed an ice beast
  3819 | D:4      | Reached XP level 7. HP: 24/41 MP: 16/16
  3824 | D:4      | Reached skill level 1 in Maces & Flails
  3975 | D:4      | Found a staircase to the Ecumenical Temple.
  3994 | D:4      | Found Kosiude's Jewellery Boutique.
  4287 | D:4      | Found a large runed translucent door.
  4288 | D:4      | Found a large runed translucent door.
  4290 | D:4      | Noticed Aviaq's ghost (weakling GnFi)
  4298 | D:4      | Killed Aviaq's ghost
  4528 | D:4      | Reached * piety under Sif Muna
  4697 | D:4      | Found a hide-covered altar of Uskayaw.
  4792 | D:5      | Entered Level 5 of the Dungeon
  5015 | D:5      | Reached skill level 1 in Invocations
  5023 | D:5      | Reached XP level 8. HP: 46/48 MP: 8/17
  5283 | D:5      | Found a shadowy altar of Dithmenos.
  5387 | D:5      | Reached skill level 5 in Invocations
  5390 | D:5      | Learned a level 2 spell: Wereblood
  5484 | D:5      | Found a basalt altar of Yredelemnul.
  5919 | D:6      | Noticed Menkaure
  5928 | D:6      | Reached skill level 1 in Transmutations
  5930 | D:6      | Killed Menkaure
  5966 | D:6      | Reached XP level 9. HP: 34/52 MP: 6/18
  6132 | D:6      | Found a broken altar of Ashenzari.
  6140 | D:6      | Found a runed translucent door.
  6163 | D:6      | Noticed Wentworth's ghost (novice MiFi)
  6183 | D:6      | Killed Wentworth's ghost
  6184 | D:6      | Reached skill level 5 in Fighting
  6374 | D:6      | Noticed Pikel
  6382 | D:6      | Killed Pikel
  6382 | D:6      | Reached ** piety under Sif Muna
  6796 | D:6      | Found a bloodstained altar of Trog.
  7062 | D:7      | Found a runed translucent gate.
  7062 | D:7      | Found a runed translucent gate.
  7062 | D:7      | Found a runed translucent gate.
  7201 | D:7      | Noticed bmack86's ghost (novice MiFi)
  7341 | D:7      | Demolished by bmack86's ghost

Illustrated notes

Levels and vault maps discovered:
D:1:      mrwooster_arrival_arrow, layout_basic,
          ebering_ecumenical_altar_sacrificial, serial_bayou_pond_a,
          feat_on_display
D:2:      layout_basic, uniq_robin, uniq_sigmund
D:3:      layout_loops_corners, led_sif_pool, general_overflow_altar,
          mainiacjoe_overflow_tiny_flanked, uniq_crazy_yiuf_cottage,
          uniq_natasha
D:4:      layout_rooms, mainiacjoe_overflow_surrounded_room,
          minmay_temple_entry_junction, ebering_ghost_disaster_area,
          serial_shops, shop, minmay_misc_feat_iff
D:5:      layout_loops_ring, nicolae_dithmenos_shadow_blocks,
          amcnicky_altar_gilded
D:6:      layout_cave_pools, trog_ov_bears_minmay, nicolae_ashenzari_panopticon,
          ebering_ghost_sewer_d, uniq_pikel, uniq_menkaure
D:7:      layout_loops_ring, gammafunk_ghost_icy, nicolae_stop_n_shop_2

Skill      XL: |  1  2  3  4  5  6  7  8  9 |
---------------+----------------------------+-----
Stealth        | 3 |  3.0
Dodging        | 3 |  3.0
Spellcasting   | 4 5 |  5.0
Hexes          | 1 2 3 4 |  4.0
Fighting       | 2 3 4 7 |  7.0
Conjurations   | 5 6 7 |  7.0
Translocations | 1 3 |  3.0
Maces & Flails | 2 3 |  3.0
Invocations    | 2 7 |  7.5
Transmutations | 2 3 |  3.0

Action                   |  1- 3 |  4- 6 |  7- 9 || total
-------------------------+-------+-------+-------++-------
Melee: Short sword       |     2 |       |       ||     2
       Mace              |       |     4 |    25 ||    29
 Cast: Magic Dart        |    58 |    73 |    63 ||   194
       Searing Ray       |     2 |     6 |    31 ||    39
       Fulminant Prism   |       |     6 |    31 ||    37
       Iskenderun's Myst |       |       |     1 ||     1
       Wereblood         |       |       |     1 ||     1
Invok: Channel Magic     |       |       |     1 ||     1
Evoke: Wand              |       |       |     3 ||     3
  Use: Scroll            |       |     5 |     3 ||     8
       Potion            |       |       |     1 ||     1
Armor: Robe              |     2 |       |       ||     2
       Animal skin       |       |     2 |    18 ||    20
Dodge: Dodged            |    14 |     5 |    51 ||    70
